 Dungeon Crawl Stone Soup version 0.30-a0-322-g102857c98e (webtiles) character file.

Game seed: 213236972867055628

2492 bande the Cleaver (level 9, -4/78 HPs)
             Began as a Minotaur Fighter on Oct 28, 2022.
             Was a Believer of Okawaru.
             Slain by a hornet (9 damage)
             ... on level 7 of the Dungeon.
             The game lasted 00:09:22 (5244 turns).

bande the Cleaver (Minotaur Fighter)                Turns: 5244, Time: 00:09:22

Health: -4/78      AC: 12    Str: 26    XL:     9   Next: 27%
Magic:  10/10      EV:  8    Int:  8    God:    Okawaru [**....]
Gold:   291        SH:  5    Dex: 15    Spells: 8/8 levels left

rFire   + . .      SeeInvis .    a - +1 war axe
rCold   + . .      Faith    .    c - +0 buckler
rNeg    . . .      Spirit   .    n - +0 chain mail
rPois   +          Reflect  .    (helmet restricted)
rElec   .          Harm     .    y - scarf {rC+ rF+}
rCorr   .          Rampage  .    (no gloves)
Will    .....                    x - +0 pair of boots
Stlth   ..........               (no amulet)
HPRegen 0.33/turn                l - ring of poison resistance
MPRegen 0.12/turn                o - ring of Kafieti {Str+6 Int+3}

@: brilliant
A: horns 2, retaliatory headbutt
a: Renounce Religion, Heroism


You were on level 7 of the Dungeon.
You worshipped Okawaru.
Okawaru was pleased with you.
You visited 2 branches of the dungeon, and saw 8 of its levels.

You collected 291 gold pieces.

Inventory:

Hand Weapons
 a - a +1 war axe (weapon)
 i - a +0 flail
Armour
 c - a +0 buckler (worn)
 n - a +0 chain mail (worn)
 w - a +1 cloak of preservation
 x - a +0 pair of boots (worn)
 y - a scarf of resistance (worn)
Jewellery
 e - a ring of magical power
 l - a ring of poison resistance (left hand)
 o - the ring of Kafieti (right hand) {Str+6 Int+3}
   (You took it off an orc wizard on level 6 of the Dungeon)

   [ring of strength]

   Str:       It affects your strength (+6).
   Int:       It affects your intelligence (+3).
 r - a +6 ring of intelligence
 v - a ring of magical power
Wands
 j - a wand of polymorph (7)
 k - a wand of acid (5)
 u - a wand of roots (8)
Potions
 b - a potion of brilliance
 d - 2 potions of might
 f - a potion of invisibility {unknown}
 g - 4 potions of attraction {unknown}
 h - 3 potions of cancellation
 m - a potion of degeneration {unknown}
 q - 4 potions of flight {unknown}
 s - 4 potions of haste
 t - 2 potions of magic {unknown}
 z - 3 potions of curing {unknown}


   Skills:
 + Level 6.5 Fighting
 + Level 9.8 Axes
 + Level 7.7 Armour
 + Level 5.3 Shields
 * Level 3.6 Invocations
 * Level 3.3 Evocations


You had 8 spell levels left.
You didn't know any spells.
Your spell library contained the following spells:

 Spells                   Type           Power      Damage    Failure   Level
 Sublimation of Blood     Necr           0%         N/A       99%         2
 Wereblood                Tmut           0%         N/A       99%         2
 Inner Flame              Hex/Fire       0%         N/A       100%        3
 Flame Wave               Conj/Fire      0%         2d4       100%        4
 Sticky Flame             Conj/Fire      0%         2d3       100%        4
 Summon Hydra             Summ           Unusable   N/A       N/A         7

Dungeon Overview and Level Annotations

Branches:
Dungeon (7/15)             Temple (1/1) D:4

Altars:
Ashenzari
Cheibriados
Elyvilon
Gozag
Hepliaklqana
Makhleb
Okawaru
Qazlal
Ru
Uskayaw
Vehumet
Xom
Yredelemnul
Zin
The Shining One

Shops:
D:3 :


Innate Abilities, Weirdness & Mutations

You have a pair of horns on your head.
You reflexively headbutt those who attack you in melee.


Message History

The bullfrog barely misses you. You furiously retaliate!
You headbutt the bullfrog, but do no damage.
The kobold brigand hits you with a +0 club.
The howler monkey hoots and howls with incredible vigour!
The hornet stings you.
* * * LOW HITPOINT WARNING * * *
You hear a shout!
You closely miss the hornet.
The hornet is moderately wounded.
You hit the kobold brigand but do no damage.
You slash the bullfrog! The bullfrog hits you.
* * * LOW HITPOINT WARNING * * *
You block the hornet's attack.
Unknown command.
You closely miss the hornet.
The hornet is moderately wounded.
You closely miss the bullfrog. You hit the kobold brigand.
You slash the howler monkey!
You kill the howler monkey!
Okawaru accepts your kill. The bullfrog barely misses you.
You furiously retaliate!
You headbutt the bullfrog. The hornet stings you.
* * * LOW HITPOINT WARNING * * *
The howler monkey hoots and howls with incredible vigour!
The bullfrog hits you.
* * * LOW HITPOINT WARNING * * *
You block the kobold brigand's attack. The hornet barely misses you.
You hear a shout!
You miss the hornet. You headbutt the hornet!
The hornet is severely wounded.
You barely miss the bullfrog. You hit the kobold brigand.
You closely miss the kobold. The bullfrog hits you!
* * * LOW HITPOINT WARNING * * *
The hornet barely misses you. The kobold brigand closely misses you.
The kobold hits you but does no damage. The bullfrog hits you.
* * * LOW HITPOINT WARNING * * *
It was a potion of brilliance.
You feel clever all of a sudden. The hornet stings you!
You die...

#. ....### # ##.###
#...#.. .# ...#.##
#...#.####.#. #.....##
#...#...!.... #......##
#...#.$.....#
#......[####...#....#..#
#.##.#.........KK.....>#
#.............hy@l.....#
.....#.......))F.......#
..#####.##.........###.#
..#####.##............
........##.#####...###
.#########.# #.### .#
#.# #.# .# ..# #.# .#
..#


You could see a hornet, a kobold brigand, a bullfrog, a howler monkey, an iguana
and a kobold.

Vanquished Creatures
  Pikel (D:6)
  Grinder (D:4)
  Sigmund (D:2)
  Eustachio (D:6)
  A water moccasin (D:6)
  A black bear (D:6)
  An ogre (D:5)
  A bullfrog (D:6)
  Blork the orc (D:6)
  A necrophage (D:5)
  A scorpion (D:7)
  4 wights (D:6)
  2 howler monkeys (D:7)
  4 hounds
  A jelly (D:7)
  Crazy Yiuf (D:3)
  2 orc priests
  Natasha (D:4)
  6 iguanas
  4 orc wizards
  7 gnolls
  4 adders
  A white imp (D:5)
  A worm (D:2)
  2 dart slugs (D:1)
  30 orcs
  9 ball pythons
  6 bats
  6 endoplasms
  A giant cockroach (D:3)
  5 goblins
  7 hobgoblins
  2 jackals (D:1)
  15 kobolds
  A quokka (D:1)
  3 frilled lizards
  5 rats
141 creatures vanquished.

Vanquished Creatures (others)
  15 plants
15 creatures vanquished.

Grand Total: 156 creatures vanquished

Notes
Turn   | Place    | Note
-------+----------+-------------------------------------------
     0 | D:1      | bande the Minotaur Fighter began the quest for the Orb.
     0 | D:1      | Reached XP level 1. HP: 19/19 MP: 0/0
   126 | D:1      | Reached XP level 2. HP: 27/27 MP: 1/1
   343 | D:1      | Reached skill level 3 in Axes
   670 | D:1      | Reached XP level 3. HP: 33/33 MP: 2/2
  1045 | D:2      | Noticed Sigmund
  1049 | D:2      | Killed Sigmund
  1050 | D:2      | Reached skill level 5 in Axes
  1050 | D:2      | Reached XP level 4. HP: 41/41 MP: 3/3
  1050 | D:2      | Reached XP level 5. HP: 47/47 MP: 4/4
  1627 | D:3      | Reached XP level 6. HP: 44/53 MP: 5/5
  1673 | D:3      | Found Soad Cua's Book Emporium.
  1879 | D:3      | Found a runed translucent door.
  1880 | D:3      | Noticed Crazy Yiuf
  2138 | D:3      | Killed Crazy Yiuf
  2139 | D:3      | Reached skill level 6 in Axes
  2233 | D:4      | Noticed Grinder
  2245 | D:4      | Paralysed by Grinder for 2 turns
  2252 | D:4      | Killed Grinder
  2253 | D:4      | Reached skill level 5 in Fighting
  2253 | D:4      | Reached skill level 5 in Armour
  2691 | D:4      | Reached skill level 7 in Axes
  2691 | D:4      | Reached XP level 7. HP: 48/61 MP: 6/6
  2885 | D:4      | Noticed Natasha
  2898 | D:4      | Killed Natasha
  3188 | D:4      | Found a staircase to the Ecumenical Temple.
  3193 | Temple   | Entered the Ecumenical Temple
  3242 | Temple   | Became a worshipper of Warmaster Okawaru
  3299 | D:5      | Entered Level 5 of the Dungeon
  3393 | D:5      | Reached skill level 1 in Evocations
  3453 | D:5      | Reached skill level 1 in Invocations
  3781 | D:5      | Reached skill level 8 in Axes
  4075 | D:5      | Reached * piety under Okawaru
  4241 | D:6      | Reached XP level 8. HP: 57/69 MP: 8/8
  4685 | D:6      | Found a hide-covered altar of Uskayaw.
  4740 | D:6      | Noticed Pikel
  4752 | D:6      | Killed Pikel
  4753 | D:6      | Reached skill level 9 in Axes
  4753 | D:6      | Reached skill level 5 in Shields
  4833 | D:6      | Reached ** piety under Okawaru
  4893 | D:6      | Reached XP level 9. HP: 68/77 MP: 10/10
  4928 | D:6      | Noticed Eustachio
  4939 | D:6      | Killed Eustachio
  4978 | D:6      | Noticed Blork the orc
  4987 | D:6      | Killed Blork the orc
  5025 | D:6      | Identified the ring of Kafieti {Str+6 Int+3}
  5166 | D:7      | Found a basalt altar of Yredelemnul.
  5220 | D:7      | Identified the +0 leather armour of Nitonoo {Rampage Will+
                  | rCorr}
  5244 | D:7      | Slain by a hornet

Illustrated notes

Levels and vault maps discovered:
D:1:      scummos_arrival_forest, layout_basic
D:2:      layout_basic, uniq_sigmund
D:3:      layout_rooms, serial_shops, shop, grunt_ministairs_13,
          amcnicky_mini_corridor_feature, chequers_serial_rivers_room_a,
          uniq_crazy_yiuf_cottage
D:4:      layout_cave_pools, temple_doors_ab, serial_park_tiny_2,
          minmay_misc_feat_room, uniq_grinder, uniq_natasha
D:5:      layout_loops_ring, serial_bayou_crossing
D:6:      layout_basic, lemuel_tele_altar, uniq_pikel, uniq_blork_the_orc,
          uniq_eustachio
D:7:      kennysheep_kobold_camp, layout_loops_cross, marbit_many_paths,
          kennysheep_mini, minmay_tree_intersection
Temple:   nicolae_temple_bog_church

Skill      XL: |  1  2  3  4  5  6  7  8 |
---------------+-------------------------+-----
Fighting       | 4 5 6 |  6.5
Armour         | 4 5 6 7 |  7.7
Shields        | 4 5 |  5.3
Axes           | 3 5 7 8 9 |  9.8
Evocations     | 1 3 |  3.3
Invocations    | 1 3 |  3.6

Action                   |  1- 3 |  4- 6 |  7- 9 || total
-------------------------+-------+-------+-------++-------
Melee: War axe           |    47 |    92 |   220 ||   359
       Headbutt          |     6 |    15 |    40 ||    61
  Use: Scroll            |       |     8 |     4 ||    12
       Potion            |       |       |     1 ||     1
Armor: Scale mail        |    16 |    13 |       ||    29
       Chain mail        |       |    55 |   123 ||   178
Dodge: Dodged            |    26 |    40 |    91 ||   157
Block: Buckler           |    11 |    13 |    67 ||    91

Table legend: (Time is in decaauts)
 A = Elapsed time spent in this place.
 B = Non-inter-level travel time spent in this place.
 C = Inter-level travel time spent in this place.
 D = Time resting spent in this place.
 E = Time spent auto-exploring this place.
 F = Levels seen in this place.
 G = Mean time per level.
                   A        B        C        D        E       F      G
               +--------+--------+--------+--------+--------+-----+--------+
         Total |   5309 |   5215 |     94 |    570 |   3565 |   8 |  663.6 |
       Dungeon |   5241 |   5163 |     78 |    570 |   3537 |   7 |  748.7 |
        Temple |     68 |     52 |     16 |      0 |     28 |   1 |   68.0 |
               +--------+--------+--------+--------+--------+-----+--------+

Top non-repeatable levels by time:
     D:5: 1090 daAuts
     D:1: 1053 daAuts
     D:4: 1009 daAuts
     D:6: 777 daAuts
     D:3: 634 daAuts
     D:2: 563 daAuts
     D:7: 113 daAuts
  Temple: 68 daAuts
